 Dungeon Crawl Stone Soup version 0.29-a0-40-g8eb35efe60 (webtiles) character file.

Game seed: 15264973131513212306

10 lunkers the Digger (level 2, 0/20 HPs)
             Began as a Demigod Earth Elementalist on Feb 1, 2022.
             Slain by a jackal (1 damage)
             ... on level 1 of the Dungeon.
             The game lasted 00:01:06 (392 turns).

lunkers the Digger (Demigod Earth Elementalist)      Turns: 392, Time: 00:01:07

Health: 0/20       AC:  2    Str:  9    XL:     2   Next: 0%
Magic:  1/7        EV: 12    Int: 17    God:
Gold:   21         SH:  0    Dex: 14    Spells: 4/5 levels left

rFire   . . .      SeeInvis .   (no weapon)
rCold   . . .      Faith    .   (no shield)
rNeg    . . .      Spirit   .   b - +0 robe
rPois   .          Reflect  .   (no helmet)
rElec   .          Harm     .   (no cloak)
rCorr   .          Rampage  .   (no gloves)
Will    .....                   (no boots)
Stlth   ++........              (no amulet)
HPRegen 0.06/turn               (no ring)
MPRegen 0.10/turn               (no ring)

@: no status effects
A: high MP 1, forlorn, divine attributes
a: no special abilities


You were on level 1 of the Dungeon.
You visited 1 branch of the dungeon, and saw 1 of its levels.

You collected 21 gold pieces.

Inventory:

Missiles
 c - 17 stones
Armour
 b - a +0 robe (worn)


   Skills:
 - Level 1.7 Dodging
 - Level 1.7 Stealth
 + Level 2.0 Spellcasting
 - Level 0.8 Transmutations
 * Level 3.1 Earth Magic


You had 4 spell levels left.
You knew the following spells:

 Your Spells              Type           Power      Damage    Failure   Level
a - Sandblast             Erth           24%        2d8       5%          1

Your spell library contained the following spells:

 Spells                   Type           Power      Damage    Failure   Level
 Passwall                 Tmut/Erth      6%         N/A       13%         2
 Stone Arrow              Conj/Erth      14%        3d7       30%         3
 Petrify                  Tmut/Erth      8%         N/A       63%         4


Dungeon Overview and Level Annotations

Branches:
Dungeon (1/15)


Innate Abilities, Weirdness & Mutations

You have an increased reservoir of magic. (+10% MP)
You shall have no god before yourself.
Your divine heritage dramatically boosts your attributes as you level up.


Message History

Unknown command.
Unknown command.
You hit the jackal.
You kill the jackal!
The jackal bites you.
* * * LOW HITPOINT WARNING * * *
You have reached level 2!
Casting: Sandblast (safe; 5% risk of failure)
Confirm with . or Enter, or press ? or * to list all spells.
Aiming: Sandblast (safe; 5% risk of failure)
Press: ? - help, Shift-Dir - straight line, f - jackal
Aim: a jackal (74% to hit)
The blast of sand hits the jackal.
The jackal is lightly wounded.
* * * LOW MAGIC WARNING * * *
The jackal bites you.
* * * LOW HITPOINT WARNING * * *
Unknown command.
You closely miss the jackal.
The jackal is lightly wounded.
The jackal closely misses you.
Unknown command.
Unknown command.
You hit the jackal.
The jackal is moderately wounded.
The jackal barely misses you.
The jackal bites you but does no damage.
Unknown command.
You hit the jackal but do no damage.
The jackal is moderately wounded.
The jackal closely misses you.
Unknown command.
You hit the jackal.
The jackal is heavily wounded.
The jackal closely misses you. The jackal barely misses you.
Unknown command.
You completely miss the jackal.
The jackal is heavily wounded.
The jackal bites you.
You die...

#................#.....
#................#.....
#..>.............#.....
###.....................
..................#.....
..........#.........####.
.....÷#.##.......#.......
....÷)........gh#.#......
....÷.#........#@.[#...
..........#######.#####
..........# ##.......##
#####..÷..###.........##
##....##...........##
#(...#.............#
#†.g##§§...........#
...#≈#.§...........#
#..#≈≈≈.§....<......≈


You could see a jackal and a hobgoblin.

Vanquished Creatures
  A goblin (D:1)
  3 jackals (D:1)
  3 ball pythons (D:1)
  2 rats (D:1)
9 creatures vanquished.

Notes
Turn   | Place    | Note
-------+----------+-------------------------------------------
     0 | D:1      | lunkers the Demigod Earth Elementalist began the quest for
                  | the Orb.
     0 | D:1      | Reached XP level 1. HP: 14/14 MP: 5/5
    80 | D:1      | Reached skill level 3 in Earth Magic
   387 | D:1      | Reached XP level 2. HP: 3/20 MP: 1/7
   387 | D:1      | HP: 1/20 [jackal (2)]
   392 | D:1      | Slain by a jackal

Illustrated notes

Levels and vault maps discovered:
D:1:      psy_arrival_dodecagon, layout_rooms,
          dreamdust_ecumenical_altar_angels_and_demons, grunt_decor_one_mirror,
          corexii_leaking_fountain, minmay_misc_feat_rugged,
          amcnicky_mini_pool_small

Skill      XL: |  1 |
---------------+----+-----
Earth Magic    | 3 |  3.1
Spellcasting   | 2 |  2.0
Dodging        | |  1.7
Stealth        | |  1.7
Transmutations | |  0.8

Action                   || total
-------------------------++-------
Melee: Unarmed           ||    24
       Punch             ||     1
 Cast: Sandblast         ||    13
Armor: Robe              ||     7
Dodge: Dodged            ||    23

Table legend: (Time is in decaauts)
 A = Elapsed time spent in this place.
 B = Non-inter-level travel time spent in this place.
 C = Inter-level travel time spent in this place.
 D = Time resting spent in this place.
 E = Time spent auto-exploring this place.
 F = Levels seen in this place.
 G = Mean time per level.
                   A        B        C        D        E       F      G
               +--------+--------+--------+--------+--------+-----+--------+
         Total |    392 |    392 |      0 |      0 |    320 |   1 |  392.0 |
       Dungeon |    392 |    392 |      0 |      0 |    320 |   1 |  392.0 |
               +--------+--------+--------+--------+--------+-----+--------+

Top non-repeatable levels by time:
     D:1: 392 daAuts
